Match 30897110
Unlisted

Match 30897110
End
Kradschützen Motorcycle Team
250 Light Carrier
Panzergrenadier Squad
Construct Light Support Kompanie
Selects Battlefield Espionage Battlegroup
Selects Sector Subterfuge Beacon
Selects 250/3 Funkpanzerwagen
Assault Grenadier Squad
250/3 Funkpanzerwagen
Fire Support Elements
Assault Mechanized Group
Selects Plunder
Construct Mechanized Kompanie
MG34 Team
2.5-tonne Medical Truck
le.IG 18 Mechanized Group
Assault Grenadier Squad
Selects Advanced Ambush Training
Pak 38 Anti-tank Gun Team
Marder III Tank Destroyer
Ista
bleH
Saving Ryan
Nukepapa
Alân
Drone Operator
0
0

Comments sign in to comment!

No comments posted yet!